AoeStats
← кислород

Arabia

509664391Analyzed
1v1 RM · 4d ago on Sep 27, 2026· 29m 20s· 2 players
Game mode
Random Map
Map size
Tiny (2 player)
Population
200
Speed
Normal
Resources
Standard
Victory
Conquest
Starting age
Dark Age
Ending age
Imperial Age
RankedLock teamsTeams togetherTeam positionsShared explorationLock speedFull tech treeHidden civsTurbo modeCheats
Victory
Defeat
🇬🇧 Chinese · United Kingdom
1986
+20
🇨🇦 Khitans · Canada
2066
-20
Drush Limbaugh
0:25 Loom
8:38 Feudal Age
11:51 Fletching
18:53 Castle Age
17:44 Gold Mining
17:57 Padded Archer Armor
18:58 Crossbowman
19:35 Bodkin Arrow
20:16 Double-Bit Axe
20:48 Horse Collar
21:43 Ballistics
22:33 Bow Saw
23:42 Wheelbarrow
26:06 Thumb Ring
кислород
12:20 Loom
14:35 Feudal Age
15:32 Double-Bit Axe
16:17 Domestication
17:50 Scale Barding Armor
19:19 Forging
21:48 Castle Age
22:10 Light Cavalry
23:33 Husbandry
Connection lost

Rejoining the realm…

Still unreachable

The connection could not be restored.

Session expired

The server has moved on; the page needs a fresh start.